 Dungeon Crawl Stone Soup version 0.22-a0-109-gbeb7240 (webtiles) character file.

338 tof the Slasher (level 6, 0/56 HPs)
             Began as a Minotaur Fighter on Jan 26, 2018.
             Slain by an ogre
             ... wielding a +0 giant club
              (12 damage)
             ... on level 4 of the Dungeon.
             The game lasted 00:03:30 (3014 turns).

tof the Slasher (Minotaur Fighter)                  Turns: 3014, Time: 00:03:31

Health: 0/56       AC:  7    Str: 21    XL:     6   Next: 29%
Magic:  5/5        EV:  7    Int:  5    God:
Gold:   127        SH: 10    Dex: 11    Spells: 5/5 levels left

rFire    . . .     SeeInvis .   a - +0 long sword
rCold    . . .     Gourm    .   c - +0 shield
rNeg     . . .     Faith    +   b - +0 scale mail
rPois    +         Spirit   .   (helmet restricted)
rElec    .         Reflect  .   (no cloak)
rCorr    .         Harm     .   (no gloves)
MR       .....                  (no boots)
Stlth    ..........             t - amulet of faith
HPRegen  0.18/turn              n - ring of poison resistance
MPRegen  0.09/turn              k - +3 ring of slaying

@: no status effects
A: retaliatory headbutt, horns 2
a: no special abilities


You were on level 4 of the Dungeon.
You were not hungry.

You visited 1 branch of the dungeon, and saw 4 of its levels.

You collected 127 gold pieces.

Inventory:

Hand Weapons
 a - a +0 long sword (weapon)
Missiles
 i - 4 tomahawks (quivered)
Armour
 b - a +0 scale mail (worn)
 c - a +0 shield (worn)
Jewellery
 k - a +3 ring of slaying (right hand)
 n - a ring of poison resistance (left hand)
 t - an amulet of faith (around neck)
Wands
 p - a wand of polymorph (14)
Scrolls
 e - a scroll of enchant armour {unknown}
 g - 4 scrolls of remove curse
 j - 4 scrolls of teleportation {unknown}
 l - a scroll of identify {unknown}
 s - a scroll of amnesia {unknown}
Potions
 d - 3 potions of might
 m - a potion of lignification {unknown}
 o - 2 potions of curing {unknown}
 q - a potion of brilliance {unknown}
 r - a potion of invisibility {unknown}
Comestibles
 f - 6 rations
 h - 5 chunks of flesh


   Skills:
 + Level 5.0 Fighting
 * Level 5.4 Long Blades
 + Level 5.0 Armour
 + Level 5.0 Shields


You had 5 spell levels left.
You didn't know any spells.

Dungeon Overview and Level Annotations

Branches:
Dungeon (4/15)
 Temple: D:4-7

Altars:
Cheibriados
Makhleb
Nemelex Xobeh
Trog


Innate Abilities, Weirdness & Mutations

You reflexively headbutt those who attack you in melee.
You have a pair of horns on your head.


Message History

You hit the adder.
You kill the adder!
Your Armour skill increases to level 5!
Found a chain mail.
Found 13 stones.
An ogre comes into view. It is wielding a giant club.
The ogre shouts!
Found 12 gold pieces.
The ogre hits you with a giant club!!
You slash the ogre!
The ogre is heavily wounded.
The ogre hits you with a giant club!!
You hit the ogre.
The ogre is severely wounded.
The ogre hits you with a giant club!
* * * LOW HITPOINT WARNING * * *
You barely miss the ogre.
The ogre is severely wounded.
The ogre hits you with a giant club!
You die...

.... #.#.########
###.[...#####.#.########
#..(...>'...........(...
#.......##......########
#.......##.######
#.......##.###
........##...#
#.#.....##...#
....$.O@.....#
##############


You could see an ogre.

Vanquished Creatures
  A crimson imp (D:3)
  A hound (D:3)
  An orc wizard (D:4)
  Crazy Yiuf (D:2)
  Jessica (D:3)
  Natasha (D:2)
  Robin (D:2)
  7 adders
  2 oozes (D:1)
  2 adder skeletons (D:4)
  2 worms (D:2)
  2 dart slugs
  3 leopard geckos
  2 orcs (D:4)
  8 bats
  6 hobgoblins
  4 jackals (D:2)
  2 quokkas (D:2)
  2 ball pythons
  5 frilled lizards
  11 goblins
  5 kobolds
  10 rats
80 creatures vanquished.

Notes
Turn   | Place    | Note
-------+----------+-------------------------------------------
     0 | D:1      | tof the Minotaur Fighter began the quest for the Orb.
     0 | D:1      | Reached XP level 1. HP: 19/19 MP: 0/0
   133 | D:1      | Reached XP level 2. HP: 26/27 MP: 1/1
   336 | D:1      | Reached XP level 3. HP: 25/33 MP: 2/2
   935 | D:2      | Found a bloodstained altar of Trog.
   994 | D:2      | Found a snail-covered altar of Cheibriados.
  1026 | D:2      | Noticed Natasha
  1037 | D:2      | Killed Natasha
  1037 | D:2      | Reached XP level 4. HP: 30/40 MP: 3/3
  1295 | D:2      | Found a runed door.
  1299 | D:2      | Noticed Crazy Yiuf
  1303 | D:2      | Killed Crazy Yiuf
  1569 | D:2      | Noticed Robin
  1574 | D:2      | Killed Robin
  1574 | D:2      | Reached XP level 5. HP: 47/47 MP: 4/4
  2427 | D:3      | Found a burning altar of Makhleb.
  2527 | D:3      | Noticed Jessica
  2531 | D:3      | Killed Jessica
  2571 | D:3      | Reached skill level 5 in Long Blades
  2636 | D:3      | Reached XP level 6. HP: 55/55 MP: 5/5
  2763 | D:3      | Found a sparkling altar of Nemelex Xobeh.
  2859 | D:4      | Reached skill level 5 in Shields
  2862 | D:4      | Reached skill level 5 in Fighting
  3002 | D:4      | Reached skill level 5 in Armour
  3014 | D:4      | Slain by an ogre

Vault maps used:
D:1:      dpeg_arrival_line_fractal
D:2:      nicolae_overflow_crystal_walls, kennysheep_slug_shrine, first_ration,
          uniq_robin, uniq_natasha, uniq_crazy_yiuf_cottage
D:3:      lemuel_round_altar, makhleb_blood_cavern_becter, uniq_jessica
D:4:      lemuel_crystal_altar, lemuel_round_altar, minmay_small_thing,
          uniq_grinder, uniq_edmund

Skill      XL: |  1  2  3  4  5  6 |
---------------+-------------------+-----
Long Blades    | 3 4 5 |  5.4
Armour         | 4 5 |  5.0
Fighting       | 4 5 |  5.0
Shields        | 4 5 |  5.0

Action                   |  1- 3 |  4- 6 || total
-------------------------+-------+-------++-------
Melee: Long sword        |   100 |   116 ||   216
       Headbutt          |    11 |    14 ||    25
  Use: Scroll            |       |     1 ||     1
  Eat: Chunk             |       |     7 ||     7
Armor: Scale mail        |    39 |    46 ||    85
Dodge: Dodged            |    31 |    26 ||    57
Block: Shield            |    62 |    65 ||   127
       Rpst.: Long sword |     8 |     6 ||    14

Table legend:
 A = Spawn XP
 B = Non-spawn XP
 C = Spawn XP percentage of total XP
 D = Spawn monster count
 E = Non-spawn monster count
 F = Spawn count percentage of total count
 G = Total turns spent on level
                    A         B        C        D         E        F      G
               +---------+---------+-------+---------+---------+-------+---------
         Total |       0 |     484 |   0.0 |       0 |      80 |   0.0 |  3014
               +---------+---------+-------+---------+---------+-------+---------
           D:1 |       0 |      41 |   0.0 |       0 |      21 |   0.0 |   576
           D:2 |       0 |     174 |   0.0 |       0 |      34 |   0.0 |  1412
           D:3 |       0 |     197 |   0.0 |       0 |      18 |   0.0 |   841
           D:4 |       0 |      72 |   0.0 |       0 |       7 |   0.0 |   185
               +---------+---------+-------+---------+---------+-------+---------
